 Dungeon Crawl Stone Soup version 0.30-a0-279-g4b46babb21 (webtiles) character file.

Game seed: 7996766734720036451

329 gruber the Chiller (level 6, 44/44 HPs)
             Began as a Gnoll Ice Elementalist on Oct 16, 2022.
             Was an Initiate of Okawaru.
             Quit the game on level 4 of the Dungeon.
             The game lasted 00:04:16 (3301 turns).

gruber the Chiller (Gnoll Ice Elementalist)         Turns: 3301, Time: 00:04:16

Health: 44/44      AC:  4    Str:  7    XL:     6   Next: 50%
Magic:  11/14      EV: 13    Int: 16    God:    Okawaru [......]
Gold:   150        SH:  0    Dex: 13    Spells: 4/15 levels left

rFire   . . .      SeeInvis .    h - +2 dagger (protect)
rCold   . . .      Faith    .    (no shield)
rNeg    . . .      Spirit   .    a - +0 robe
rPois   .          Reflect  .    s - +2 hat
rElec   .          Harm     .    (no cloak)
rCorr   .          Rampage  .    (no gloves)
Will    .....                    (no boots)
Stlth   +++.......               (no amulet)
HPRegen 0.27/turn                (no ring)
MPRegen 0.14/turn                (no ring)

@: freezing walls
A: fangs 1, strong nose, distributed training
a: Renounce Religion


You were on level 4 of the Dungeon.
You worshipped Okawaru.
Okawaru was noncommittal.
You visited 2 branches of the dungeon, and saw 5 of its levels.

You collected 150 gold pieces.

Inventory:

Hand Weapons
 h - a +2 dagger of protection (weapon)
Armour
 a - a +0 robe (worn)
 s - a +2 hat (worn)
Scrolls
 c - 3 scrolls of enchant armour {unknown}
 f - 3 scrolls of identify {unknown}
 g - a scroll of amnesia {unknown}
 k - a scroll of fog {unknown}
 m - a scroll of noise {unknown}
 o - a scroll of brand weapon {unknown}
 p - a scroll of immolation {unknown}
 t - a scroll of enchant weapon {unknown}
 u - 2 scrolls of teleportation {unknown}
Potions
 b - 2 potions of magic
 d - a potion of resistance {unknown}
 e - a potion of lignification {unknown}
 i - a potion of brilliance {unknown}
 j - 2 potions of heal wounds {unknown}
 l - 2 potions of might {unknown}
 n - a potion of attraction {unknown}
 q - a potion of berserk rage {unknown}
 r - a potion of mutation {unknown}


   Skills:
 + Level 2.1 Fighting
 + Level 2.1 Short Blades
 + Level 2.1 Long Blades
 + Level 2.1 Axes
 + Level 2.1 Maces & Flails
 + Level 2.1 Polearms
 + Level 2.1 Staves
 + Level 2.1 Ranged Weapons
 + Level 2.1 Throwing
 + Level 2.1 Armour
 + Level 5.0 Dodging
 + Level 4.6 Stealth
 + Level 2.1 Shields
 + Level 2.1 Unarmed Combat
 + Level 5.4 Spellcasting
 + Level 1.6 Conjurations
 + Level 1.6 Hexes
 + Level 1.6 Summonings
 + Level 1.6 Necromancy
 + Level 1.6 Translocations
 + Level 1.6 Transmutations
 + Level 1.6 Fire Magic
 + Level 7.3 Ice Magic
 + Level 1.6 Air Magic
 + Level 1.6 Earth Magic
 + Level 1.6 Poison Magic
 + Level 2.3 Invocations
 + Level 2.1 Evocations


You had 4 spell levels left.
You knew the following spells:

 Your Spells              Type           Power      Damage    Failure   Level
a - Freeze                Ice            100%       1d10      1%          1
b - Frozen Ramparts       Ice            54%        1d9       2%          3
c - Ozocubu's Armour      Ice            27%        N/A       2%          3
d - Summon Ice Beast      Ice/Summ       18%        N/A       22%         4

Your spell library contained the following spells:

 Spells                   Type           Power      Damage    Failure   Level
 Hailstorm                Conj/Ice       18%        3d6       7%          3
 Poisonous Vapours        Pois/Air       18%        N/A       11%         2
 Starburst                Conj/Fire      4%         6d4       100%        6
 Orb of Destruction       Conj           4%         9d5       100%        7


Dungeon Overview and Level Annotations

Branches:
Dungeon (4/15)             Temple (1/1) D:4

Altars:
Ashenzari
Cheibriados
Dithmenos
Elyvilon
Gozag
Hepliaklqana
Makhleb
Okawaru
Ru
Sif Muna
Trog
Wu Jian
Yredelemnul
Zin

Annotations:
D:4 Menkaure


Innate Abilities, Weirdness & Mutations

You have very sharp teeth.
Your uncanny sense of smell can sniff out nearby items.
Your experience applies equally to all skills.


Message History

The jackal barks!
You hear an angry hiss.
The jackal closely misses you.
Casting: Freeze (safe; 1% risk of failure)
Confirm with . or Enter, or press ? or * to list all spells.
Casting: Frozen Ramparts (dangerous; 2% risk of failure)
Press: ? - help, Dir - look around, f - activate The walls around you are covered in ice.
The wall freezes the jackal.
The jackal bites you but does no damage.
The wall freezes the jackal.
The jackal completely misses you.
The wall freezes the jackal.
The jackal barely misses you.
The wall freezes the jackal.
You kill the jackal!
Okawaru accepts your kill.
The wall freezes the endoplasm.
The wall freezes the jackal.
You kill the jackal!
Okawaru accepts your kill.
The wall freezes the jackal.
You kill the jackal!
Okawaru accepts your kill.
The wall freezes the jackal.
You kill the jackal!
Okawaru accepts your kill.
The wall freezes the endoplasm.
You kill the endoplasm!
Okawaru accepts your kill.
The wall freezes the endoplasm.
A ball python comes into view.
The wall freezes the endoplasm.
You kill the endoplasm!
Okawaru accepts your kill.
Menkaure gestures wildly while chanting.
Menkaure seems to speed up.
Unknown command.
Your frozen ramparts will break if you move.
Continue?
Okay, then.
Casting: Frozen Ramparts (dangerous; 2% risk of failure)
Confirm with . or Enter, or press ? or * to list all spells.
You cannot coerce anything to answer your summons.
Are you sure you want to abandon this character and quit the game? (Confirm with "yes".)

.J.g.# ########....## #....
)h...# # #........÷..# #....
h....#.) #.....>.#.#.## #....
=....... #.......#.#..##.....
h....... ######..#M.#....#...
h....># #...#..#... ...
......## ###...÷......#
<.J..(.# #. ##.....#......#
........###.####@†#...#.##.#.#
......#........††#....#.# .# #
...............<)†......# # ∆
###.......#.#####.......#
.#### # ∆..#S....# #
.###......# #. #.###... .# #.


You could see Menkaure (fast) and a ball python.

Vanquished Creatures
  A black bear (D:4)
  2 hounds (D:3)
  An orc priest (D:3)
  A gnoll (D:3)
  5 adders
  2 worms (D:3)
  A dart slug (D:3)
  3 orcs (D:3)
  9 endoplasms
  A giant cockroach (D:2)
  9 goblins
  5 hobgoblins
  8 jackals
  8 kobolds
  4 quokkas
  6 ball pythons
  6 bats
  5 frilled lizards
  8 rats
85 creatures vanquished.

Vanquished Creatures (others)
  3 plants (D:1)
3 creatures vanquished.

Grand Total: 88 creatures vanquished

Notes
Turn   | Place    | Note
-------+----------+-------------------------------------------
     0 | D:1      | gruber the Gnoll Ice Elementalist began the quest for the
                  | Orb.
     0 | D:1      | Reached XP level 1. HP: 13/13 MP: 6/6
   224 | D:1      | Reached XP level 2. HP: 19/19 MP: 5/7
   500 | D:1      | Got the Volume of Stormy Blows and Bruises
   559 | D:1      | Reached skill level 5 in Spellcasting
   559 | D:1      | Reached XP level 3. HP: 25/25 MP: 5/9
  1140 | D:2      | Found a faded altar of an unknown god.
  1180 | D:2      | Reached skill level 1 in Invocations
  1263 | D:2      | Reached skill level 1 in Fighting
  1263 | D:2      | Reached skill level 1 in Short Blades
  1263 | D:2      | Reached skill level 1 in Long Blades
  1263 | D:2      | Reached skill level 1 in Axes
  1263 | D:2      | Reached skill level 1 in Maces & Flails
  1263 | D:2      | Reached skill level 1 in Polearms
  1263 | D:2      | Reached skill level 1 in Staves
  1263 | D:2      | Reached skill level 1 in Ranged Weapons
  1263 | D:2      | Reached skill level 1 in Throwing
  1263 | D:2      | Reached skill level 1 in Armour
  1263 | D:2      | Reached skill level 1 in Shields
  1263 | D:2      | Reached skill level 1 in Unarmed Combat
  1263 | D:2      | Reached skill level 1 in Evocations
  1297 | D:2      | Learned a level 3 spell: Frozen Ramparts
  1301 | D:2      | Learned a level 3 spell: Ozocubu's Armour
  1657 | D:2      | Reached XP level 4. HP: 25/32 MP: 8/11
  2050 | D:3      | Reached skill level 1 in Conjurations
  2050 | D:3      | Reached skill level 1 in Hexes
  2050 | D:3      | Reached skill level 1 in Summonings
  2050 | D:3      | Reached skill level 1 in Necromancy
  2050 | D:3      | Reached skill level 1 in Translocations
  2050 | D:3      | Reached skill level 1 in Transmutations
  2050 | D:3      | Reached skill level 1 in Fire Magic
  2050 | D:3      | Reached skill level 1 in Air Magic
  2050 | D:3      | Reached skill level 1 in Earth Magic
  2050 | D:3      | Reached skill level 1 in Poison Magic
  2105 | D:3      | Found an opulent altar of Gozag.
  2217 | D:3      | Reached XP level 5. HP: 37/37 MP: 8/12
  2761 | D:3      | Reached XP level 6. HP: 44/44 MP: 7/13
  2987 | D:4      | Noticed Menkaure
  3011 | D:4      | Noticed a black bear
  3019 | D:4      | Killed a black bear
  3020 | D:4      | Reached skill level 5 in Dodging
  3069 | D:4      | Found a staircase to the Ecumenical Temple.
  3080 | D:4      | Learned a level 4 spell: Summon Ice Beast
  3086 | Temple   | Entered the Ecumenical Temple
  3258 | Temple   | Became a worshipper of Warmaster Okawaru
  3301 | D:4      | Quit the game

Illustrated notes

Levels and vault maps discovered:
D:1:      minmay_arrival_shoal_huts, layout_loops_ring, chequers_big_river
D:2:      minmay_thinvault, layout_basic, shapermc_ecumenical_altar_venn,
          corexii_leaking_fountain
D:3:      layout_loops_ring, grunt_gozag_statues, cheibrodos_gnoll_hut
D:4:      layout_rooms, minmay_temple_entry_tees, gammafunk_ghost_cemetery,
          nicolae_titane, uniq_menkaure
Temple:   nicolae_temple_god_jail

Skill      XL: |  1  2  3  4  5  6 |
---------------+-------------------+-----
Spellcasting   | 5 |  5.4
Invocations    | 1 2 |  2.3
Fighting       | 1 2 |  2.1
Short Blades   | 1 2 |  2.1
Long Blades    | 1 2 |  2.1
Axes           | 1 2 |  2.1
Maces & Flails | 1 2 |  2.1
Polearms       | 1 2 |  2.1
Staves         | 1 2 |  2.1
Ranged Weapons | 1 2 |  2.1
Throwing       | 1 2 |  2.1
Armour         | 1 2 |  2.1
Shields        | 1 2 |  2.1
Unarmed Combat | 1 2 |  2.1
Evocations     | 1 2 |  2.1
Conjurations   | 1 |  1.6
Hexes          | 1 |  1.6
Summonings     | 1 |  1.6
Necromancy     | 1 |  1.6
Translocations | 1 |  1.6
Transmutations | 1 |  1.6
Fire Magic     | 1 |  1.6
Air Magic      | 1 |  1.6
Earth Magic    | 1 |  1.6
Poison Magic   | 1 |  1.6
Dodging        | 5 |  5.0
Stealth        | |  4.6
Ice Magic      | |  7.3

Action                   |  1- 3 |  4- 6 || total
-------------------------+-------+-------++-------
Melee: Short sword       |    18 |       ||    18
       Unarmed           |     2 |       ||     2
       Bite              |     6 |     3 ||     9
       Dagger            |    41 |    49 ||    90
       Punch             |     1 |       ||     1
 Cast: Freeze            |    26 |    10 ||    36
       Frozen Ramparts   |       |     5 ||     5
       Ozocubu's Armour  |       |     2 ||     2
 Stab: Sleeping          |     9 |     9 ||    18
       Distracted        |       |     2 ||     2
Armor: Robe              |    15 |    20 ||    35
Dodge: Dodged            |    36 |    40 ||    76

Table legend: (Time is in decaauts)
 A = Elapsed time spent in this place.
 B = Non-inter-level travel time spent in this place.
 C = Inter-level travel time spent in this place.
 D = Time resting spent in this place.
 E = Time spent auto-exploring this place.
 F = Levels seen in this place.
 G = Mean time per level.
                   A        B        C        D        E       F      G
               +--------+--------+--------+--------+--------+-----+--------+
         Total |   3308 |   3095 |    213 |      0 |   2553 |   5 |  661.6 |
       Dungeon |   3122 |   2932 |    190 |      0 |   2415 |   4 |  780.5 |
        Temple |    186 |    163 |     23 |      0 |    138 |   1 |  186.0 |
               +--------+--------+--------+--------+--------+-----+--------+

Top non-repeatable levels by time:
     D:2: 1071 daAuts
     D:1: 1017 daAuts
     D:3: 922 daAuts
  Temple: 186 daAuts
     D:4: 111 daAuts
